 Dungeon Crawl Stone Soup version 0.27.1-4-g1640c2035a (webtiles) character file.

Game seed: 9726949336535951865

88 tizbic2 the Twirler (level 4, -1/43 HPs)
             Began as an Octopode Gladiator on Nov 14, 2021.
             Was an Initiate of Gozag.
             Slain by an orc wizard (3 damage)
             ... on level 4 of the Dungeon.
             The game lasted 00:13:45 (2598 turns).

tizbic2 the Twirler (Octopode Gladiator)            Turns: 2598, Time: 00:13:46

Health: -1/43      AC:  1    Str: 13    XL:     4   Next: 54%
Magic:  4/4        EV: 14    Int: 10    God:    Gozag
Gold:   194        SH:  0    Dex: 14    Spells: 3/3 levels left

rFire    . . .     SeeInvis .   a - +0 quarterstaff
rCold    + . .     Faith    .   (shield currently unavailable)
rNeg     . . .     Spirit   .   b - +0 hat
rPois    +         Reflect  .   (no amulet)
rElec    .         Harm     .   f - ring of willpower
rCorr    .         Rampage  .   m - ring of protection from cold
Will     +....                  q - ring of poison resistance
Stlth    ..........             (no ring)
HPRegen  0.14/turn              (no ring)
MPRegen  0.09/turn              (no ring)
                                (no ring)
                                (no ring)

@: berserking, very quick
A: almost no armour, amphibious, 8 rings, camouflage 1, gelatinous body 1,
(nimble swimmer 1), tentacles
a: Renounce Religion, Potion Petition, Call Merchant, Bribe Branch


You were on level 4 of the Dungeon.
You worshipped Gozag.
Gozag was aware of your devotion.
You visited 1 branch of the dungeon, and saw 4 of its levels.

You collected 194 gold pieces.

Inventory:

Hand Weapons
 a - a +0 quarterstaff (weapon)
 h - a +0 hunting sling
 i - a +0 dagger
Missiles
 c - 2 throwing nets (quivered)
 l - 59 stones
Armour
 b - a +0 hat (worn)
Jewellery
 f - a ring of willpower (left tentacle)
 m - a ring of protection from cold (right tentacle)
 q - a ring of poison resistance (on tentacle)
Wands
 n - a wand of polymorph (5)
Scrolls
 d - a scroll of magic mapping
 e - a scroll of identify
 o - a scroll of summoning {unknown}
 r - a scroll of vulnerability {unknown}
Potions
 g - a potion of berserk rage
 j - a potion of flight
 k - a potion of mutation {unknown}
 p - a potion of haste {unknown}
 s - a potion of resistance {unknown}


   Skills:
 + Level 2.0 Fighting
 * Level 4.2 Staves
 - Level 2.0 Throwing
 * Level 3.5 Dodging
 + Level 1.7 Stealth
 * Level 1.2 Evocations


You had 3 spell levels left.
You didn't know any spells.
Your spell library contained the following spells:

 Spells                   Type           Power      Damage    Failure   Level
 Sublimation of Blood     Necr           0%         N/A       50%         2
 Wereblood                Tmut           0%         N/A       50%         2
 Summon Hydra             Summ           0%         N/A       100%        7


Dungeon Overview and Level Annotations

Branches:
Dungeon (4/15)
 Temple: D:4-7

Altars:
Dithmenos
Gozag
Yredelemnul

Shops:
D:3 (


Innate Abilities, Weirdness & Mutations

You cannot wear most types of armour.
You are amphibious.
You can wear up to eight rings at the same time.
Your skin changes colour to match your surroundings (Stealth+).
Your rubbery body absorbs attacks. (AC +1, EV +1)
((You are camouflaged near water. (Stealth+)))
You have tentacles for arms and can constrict up to eight enemies at once.


Message History

The stone hits the orc.
You kill the orc!
Fire: 64 stones
Press: ? - help, Q - select action, (/) - cycle Shift-Dir - straight line, f - orc wizard
Aim: an orc wizard, wielding a +0 dagger and wearing a +0 robe (51% to hit)
You shoot a stone.
The stone hits the orc wizard but does no damage.
Fire: 63 stones
Press: ? - help, Q - select action, (/) - cycle Shift-Dir - straight line, f/p - orc wizard
Aim: an orc wizard, wielding a +0 dagger and wearing a +0 robe (51% to hit)
You shoot a stone. The stone hits the orc wizard.
The orc wizard is lightly wounded.
The orc wizard gestures wildly while chanting.
The orc wizard flickers and vanishes!
Deactivating autopickup; reactivate with Ctrl-A.
Fire: 62 stones
Press: ? - help, Q - select action, (/) - cycle Shift-Dir - straight line You shoot a stone.
Fire: 61 stones
Press: ? - help, Q - select action, (/) - cycle Shift-Dir - straight line You shoot a stone.
Fire: 60 stones
Press: ? - help, Q - select action, (/) - cycle Shift-Dir - straight line You shoot a stone.
a - a +0 quarterstaff (weapon)
You closely miss something. You squeeze something. Something hits you.
You hit something but do no damage.
You hear some strange, mumbled words.
A puff of flame appears from out of thin air!
The puff of flame hits you!
* * * LOW HITPOINT WARNING * * *
A red film seems to cover your vision as you go berserk!
You feel yourself moving faster!
You feel mighty! Something hits you.
* * * LOW HITPOINT WARNING * * *
You closely miss something.
You hear some strange, mumbled words.
Something tries to affect you, but you resist.
You miss something. Your squeeze misses something. Something hits you.
You die...
Your body crumbles into a pile of gold.

##.........###
.............# .
#...........
..##........#
............# ##
##.........#...
$#..............
#...$@.......#
##...{<......#
#.<(.$$.####.#
....(.....#
.(.......$.
.......###(#
....... .(
....... .((
....(. ..(.


There were no monsters in sight!

Vanquished Creatures
  3 adders
  2 worms
  2 dart slugs (D:1)
  2 orcs (D:4)
  2 endoplasms (D:3)
  5 giant cockroaches
  8 goblins
  4 hobgoblins
  4 jackals
  4 ball pythons
  4 bats (D:2)
  A frilled lizard (D:2)
  3 kobolds
  3 rats
47 creatures vanquished.

Notes
Turn   | Place    | Note
-------+----------+-------------------------------------------
     0 | D:1      | tizbic2 the Octopode Gladiator began the quest for the Orb.
     0 | D:1      | Reached XP level 1. HP: 14/14 MP: 1/1
   450 | D:1      | Reached XP level 2. HP: 13/19 MP: 2/2
   930 | D:2      | Reached XP level 3. HP: 24/24 MP: 3/3
   940 | D:2      | Reached skill level 1 in Stealth
  1296 | D:2      | Reached skill level 4 in Staves
  1516 | D:2      | Found a faded altar of an unknown god.
  1519 | D:2      | Became a worshipper of Gozag Ym Sagoz the Greedy
  1841 | D:3      | Reached XP level 4. HP: 18/29 MP: 4/4
  2037 | D:3      | Reached skill level 1 in Evocations
  2132 | D:3      | Found Pegodghu's Antique Weapon Boutique.
  2377 | D:3      | Found a basalt altar of Yredelemnul.
  2394 | D:3      | Found an opulent altar of Gozag.
  2401 | D:3      | Found a shadowy altar of Dithmenos.
  2522 | D:4      | Noticed a phantom
  2595 | D:4      | HP: 1/29 [something/puff of flame (13)]
  2598 | D:4      | Slain by an orc wizard

Illustrated notes

Levels and vault maps discovered:
D:1:      scummos_arrival_gate, layout_loops_ring, minmay_worlds_worst_comb
D:2:      layout_loops_cross, chequers_ecumenical_altar_grove,
          kennysheep_generic_room_8
D:3:      layout_basic, minmay_overflow_temple_star_quad, serial_shops, shop
D:4:      layout_cave_pools, amcnicky_altar_gilded, uniq_grinder, uniq_menkaure

Skill      XL: |  1  2  3  4 |
---------------+-------------+-----
Stealth        | 1 |  1.7
Staves         | 4 |  4.2
Evocations     | 1 |  1.2
Fighting       | |  2.0
Throwing       | |  2.0
Dodging        | |  3.5

Action                   |  1- 3 |  4- 6 || total
-------------------------+-------+-------++-------
Melee: Quarterstaff      |    48 |    24 ||    72
       Constrict         |     8 |     4 ||    12
       Tentacles         |     7 |     5 ||    12
       Dagger            |     5 |     1 ||     6
 Fire: Hunting sling     |       |    16 ||    16
Throw: Throwing net      |       |     2 ||     2
  Use: Potion            |     3 |     1 ||     4
       Scroll            |     1 |       ||     1
 Stab: Sleeping          |     9 |     1 ||    10
Armor: Skin              |       |     1 ||     1
Dodge: Dodged            |    42 |     8 ||    50
